 Dungeon Crawl Stone Soup version 0.29.1-13-g9f3cf754e1 (webtiles) character file.

Game seed: 7441572485368535201

2192 Ayven the Covert (level 9, -8/42 HPs)
             Began as a Spriggan Brigand on Feb 10, 2023.
             Was a Follower of Wu Jian.
             Mangled by a gnoll sergeant
             ... wielding a +2 trident of venom
              (14 damage)
             ... on level 7 of the Dungeon.
             The game lasted 00:57:12 (9327 turns).

Ayven the Covert (Spriggan Brigand)                 Turns: 9327, Time: 00:57:12

Health: -8/42      AC:  7    Str:  7    XL:     9   Next: 12%
Magic:  13/13      EV: 24    Int: 13    God:    Wu Jian [*.....]
Gold:   334        SH:  0    Dex: 26    Spells: 12/12 levels left

rFire   + . .      SeeInvis +   a - +2 dagger (elec)
rCold   + . .      Faith    .   (no shield)
rNeg    . . .      Spirit   .   b - +0 robe
rPois   +          Reflect  .   (helmet restricted)
rElec   +          Harm     .   c - +0 cloak
rCorr   +          Rampage  .   (gloves unavailable)
Will    +....                   (boots unavailable)
Stlth   +++++.....              (no amulet)
HPRegen 0.14/turn               z - +4 ring of protection
MPRegen 0.13/turn               j - +6 ring of dexterity

@: lethally poisoned (-8 -> -30), resistant, very quick
A: very small, no large weapons, unfitting armour, see invisible, speed 3
a: Renounce Religion


You were on level 7 of the Dungeon.
You worshipped Wu Jian.
Wu Jian was aware of your devotion.
You visited 2 branches of the dungeon, and saw 8 of its levels.

You collected 334 gold pieces.

Inventory:

Hand Weapons
 a - a +2 dagger of electrocution (weapon)
 q - a +0 sling
 w - a +1 dagger of holy wrath
Missiles
 D - 9 stones (quivered)
Armour
 b - a +0 robe (worn)
 c - a +0 cloak (worn)
Jewellery
 j - a +6 ring of dexterity (right hand)
 r - a ring of magical power
 z - a +4 ring of protection (left hand)
 G - a ring of positive energy
Wands
 n - a wand of iceblast (8)
Scrolls
 d - 2 scrolls of fear
 e - 2 scrolls of poison
 f - a scroll of fog
 h - 2 scrolls of blinking
 o - a scroll of noise {unknown}
 x - a scroll of torment {unknown}
 y - a scroll of identify
 F - a scroll of enchant armour {unknown}
 H - a scroll of magic mapping
Potions
 g - a potion of haste {unknown}
 i - 3 potions of might {unknown}
 l - a potion of berserk rage {unknown}
 m - 3 potions of invisibility {unknown}
 p - 3 potions of brilliance {unknown}
 s - a potion of mutation {unknown}
 t - 2 potions of resistance
 v - 2 potions of heal wounds {unknown}
 B - a potion of ambrosia {unknown}
 C - 3 potions of curing {unknown}
 E - 3 potions of attraction {unknown}


   Skills:
 - Level 1.6 Fighting
 - Level 2.6 Short Blades
 + Level 9.0 Throwing
 * Level 7.1 Dodging
 - Level 10.8 Stealth
 - Level 2.0 Spellcasting
 - Level 0.1 Evocations


You had 12 spell levels left.
You didn't know any spells.
Your spell library contained the following spells:

 Spells                   Type           Power      Damage    Failure   Level
 Necrotise                Necr           4%         1d4       26%         1
 Poisonous Vapours        Pois/Air       2%         N/A       36%         2
 Inner Flame              Hex/Fire       1%         N/A       58%         3
 Vampiric Draining        Necr           1%         2d6       58%         3
 Cause Fear               Hex            0%         N/A       94%         4
 Corpse Rot               Necr/Pois/Air  1%         N/A       94%         4
 Agony                    Necr           1%         N/A       100%        5
 Discord                  Hex            0%         N/A       100%        8


Dungeon Overview and Level Annotations

Branches:
Dungeon (7/15)             Temple (1/1) D:6

Altars:
Ashenzari
Cheibriados
Dithmenos
Elyvilon
Fedhas
Hepliaklqana
Kikubaaqudgha
Makhleb
Nemelex Xobeh
Okawaru
Qazlal
Ru
Sif Muna
Trog
Vehumet
Wu Jian
Xom
Yredelemnul
Zin
The Shining One


Innate Abilities, Weirdness & Mutations

You are very small and have problems with some larger weapons.
You are too small for most types of armour.
You have supernaturally acute eyesight. (SInv)
You cover ground extremely quickly. (Speed+++)


Message History

The orc priest seems to slow down.
The orc priest shouts!
The orc priest is almost dead.
The orc shouts!
You throw a poisoned dart. The poisoned dart hits the orc priest!
The orc priest looks as sick as possible!
The orc priest is almost dead.
You throw a poisoned dart. The poisoned dart hits the orc!
The orc is poisoned.
The Council accepts your kill.
You feel a bit more experienced.
You throw a stone. The stone barely misses the orc.
You throw a stone. The stone barely misses the orc.
An orc comes into view. It is wielding a +0 falchion.
The orc shouts!
You hit the orc.
You kill the orc!
The Council accepts your kill.
The gnoll sergeant hits you with a +2 trident of venom!
You are poisoned.
You closely miss the gnoll sergeant.
The gnoll sergeant is moderately wounded.
You feel very sick.
The gnoll sergeant hits you with a +2 trident of venom.
You are more poisoned.
You hit the gnoll sergeant.
The gnoll sergeant is moderately wounded.
You feel very sick.
You hit the gnoll sergeant but do no damage.
The gnoll sergeant is moderately wounded.
You feel very sick. The gnoll sergeant misses you.
You feel sick.
The gnoll sergeant hits you from afar with a +2 trident of venom.
* * * LOW HITPOINT WARNING * * *
You are more poisoned.
You feel protected.
* * * LOW HITPOINT WARNING * * *
You feel very sick.
The gnoll sergeant hits you from afar with a +2 trident of venom!
You die...

.....# #........# .
...#.###........# ..
##...g5'........# ...
.......#........# ....
##.#.#.#...###.####(..o.
#.#.#.#...# #.#.o..(...
##.#.#.##### #.#(##
.#.#.#.# #g...# .#.#.#.#
#..@.# .....#.# #....#
##.....# ##....#
##.#...######.....#
##.#.#.#.......####
##.#.#...####.##
...#.#.#..##..#
####.#.#..##.##
..#.#.....


You could see a gnoll sergeant and an orc.

Vanquished Creatures
  A wraith (D:5)
  3 steam dragons
  An orc warrior (D:6)
  An ice beast (D:6)
  3 black bears
  An ogre (D:4)
  2 centaurs (D:5)
  A kobold brigand (D:7)
  A scorpion (D:4)
  3 wights (D:7)
  A howler monkey (D:7)
  4 hounds
  2 orc priests
  4 iguanas
  4 orc wizards
  7 adders
  5 gnolls (D:7)
  A shadow imp (D:7)
  A worm (D:2)
  5 dart slugs
  22 orcs
  2 endoplasms (D:1)
  2 giant cockroaches
  6 goblins
  7 hobgoblins
  5 jackals (D:2)
  12 kobolds
  10 quokkas
  6 ball pythons
  9 bats
  6 frilled lizards
  25 rats
163 creatures vanquished.

Notes
Turn   | Place    | Note
-------+----------+-------------------------------------------
     0 | D:1      | Ayven the Spriggan Brigand began the quest for the Orb.
     0 | D:1      | Reached XP level 1. HP: 10/10 MP: 2/2
    26 | D:1      | Reached skill level 6 in Stealth
   159 | D:1      | Reached XP level 2. HP: 14/14 MP: 3/3
   411 | D:1      | Reached skill level 7 in Stealth
   649 | D:1      | Found a faded altar of an unknown god.
   677 | D:1      | Reached XP level 3. HP: 18/18 MP: 4/4
  1231 | D:2      | Reached XP level 4. HP: 22/22 MP: 5/5
  2263 | D:3      | Reached XP level 5. HP: 23/25 MP: 6/6
  2736 | D:3      | Reached skill level 8 in Stealth
  3836 | D:4      | Reached XP level 6. HP: 30/30 MP: 7/7
  3857 | D:4      | Found a blossoming altar of Fedhas.
  4525 | D:4      | Reached skill level 5 in Throwing
  4525 | D:4      | Reached skill level 9 in Stealth
  4970 | D:5      | Entered Level 5 of the Dungeon
  5046 | D:5      | Noticed a wraith
  5046 | D:5      | Noticed an acid dragon
  5054 | D:5      | Noticed a steam dragon
  5057 | D:5      | Reached XP level 7. HP: 3/33 MP: 8/8
  5702 | D:5      | Reached skill level 10 in Stealth
  5897 | D:5      | Killed a steam dragon
  5898 | D:5      | Reached skill level 1 in Spellcasting
  6169 | D:5      | Killed a wraith
  6251 | D:5      | Reached XP level 8. HP: 37/37 MP: 10/12
  7316 | D:6      | Found a staircase to the Ecumenical Temple.
  7323 | Temple   | Entered the Ecumenical Temple
  7690 | Temple   | Became a worshipper of the Wu Jian Council
  7929 | D:6      | Reached skill level 5 in Dodging
  8524 | D:7      | Reached XP level 9. HP: 20/41 MP: 13/13
  8830 | D:7      | Reached * piety under Wu Jian
  9327 | D:7      | Mangled by a gnoll sergeant

Illustrated notes

Levels and vault maps discovered:
D:1:      psy_arrival_terrarium, layout_loops_ring,
          hellmonk_ecumenical_altar_lost_god, minmay_vboxes
D:2:      layout_loops_ring, hangedman_decor_lopped, grunt_ministairs_10,
          minmay_rat_hole
D:3:      layout_loops_corners
D:4:      layout_loops_ring, nicolae_overflow_hidden_temple,
          hangedman_decor_growths
D:5:      layout_layer_cave, kennysheep_another_room, minmay_manual_mail
D:6:      layout_rooms, minmay_temple_entry_arrows
D:7:      layout_basic, kennysheep_little_box
Temple:   hellmonk_temple_of_storms

Skill      XL: |  1  2  3  4  5  6  7  8  9 |
---------------+----------------------------+-----
Stealth        | 6 7 8 9 10 | 10.8
Throwing       | 3 4 5 6 8 9 |  9.0
Dodging        | 2 3 6 7 |  7.1
Spellcasting   | 2 |  2.0
Fighting       | |  1.6
Short Blades   | |  2.6
Evocations     | |  0.1

Action                   |  1- 3 |  4- 6 |  7- 9 || total
-------------------------+-------+-------+-------++-------
Melee: Dagger            |    47 |   118 |   124 ||   289
       Punch             |       |     2 |     2 ||     4
Throw: Dart              |    99 |    86 |    27 ||   212
       Boomerang         |       |    23 |     1 ||    24
       Stone             |       |       |    16 ||    16
Invok: Lunge             |       |       |     7 ||     7
Evoke: Wand              |       |       |    11 ||    11
  Use: Scroll            |       |     6 |     8 ||    14
       Potion            |       |       |     1 ||     1
 Stab: Distracted        |     1 |       |     1 ||     2
       Sleeping          |     1 |     9 |     4 ||    14
Armor: Robe              |     9 |    18 |    16 ||    43
Dodge: Dodged            |    57 |   114 |   120 ||   291
